 Dungeon Crawl Stone Soup version 0.30-a0-1085-g990a428a5c (webtiles) character file.

Game seed: 3319360009890072414

144 Pimp the Trooper (level 5, -2/51 HPs)
             Began as a Hill Orc Fighter on Apr 16, 2023.
             Slain by Menkaure (9 damage)
             ... on level 4 of the Dungeon.
             The game lasted 00:03:39 (2347 turns).

Pimp the Trooper (Hill Orc Fighter)                 Turns: 2347, Time: 00:03:40

Health: -2/51      AC:  5    Str: 21    XL:     5   Next: 27%
Magic:  5/5        EV:  9    Int:  8    God:
Gold:   126        SH:  4    Dex: 10    Spells: 1/4 levels left

rFire   . . .      SeeInvis .    a - +1 war axe
rCold   + . .      Faith    .    c - +0 buckler
rNeg    . . .      Spirit   .    b - +0 scale mail
rPois   .          Reflect  .    (no helmet)
rElec   .          Rampage  .    (no cloak)
rCorr   .                        (no gloves)
Will    .....                    g - +0 pair of boots Stlth
                                 (no amulet)
HPRegen 0.28/turn                (no ring)
MPRegen 0.09/turn                (no ring)

@: mighty
A: cold resistance 1, deformed body, mutation resistance 1, robust 1
a: no special abilities


You were on level 4 of the Dungeon.
You visited 1 branch of the dungeon, and saw 4 of its levels.

You collected 126 gold pieces.

Inventory:

Hand Weapons
 a - a +1 war axe (weapon)
Armour
 b - a +0 scale mail (worn)
 c - a +0 buckler (worn)
 g - a +0 pair of boots (worn)
Scrolls
 e - a scroll of immolation {unknown}
 h - 2 scrolls of teleportation
Potions
 d - a potion of might
 i - a potion of brilliance
 j - a potion of invisibility
 k - 3 potions of curing {unknown}
 l - a potion of heal wounds
 m - a potion of lignification
 n - a potion of degeneration
 o - a potion of attraction


   Skills:
 + Level 4.7 Fighting
 + Level 4.1 Axes
 + Level 4.3 Armour
 + Level 4.2 Shields
 + Level 0.0 Spellcasting
 + Level 0.0 Fire Magic
 + Level 0.0 Poison Magic


You had one spell level left.
You knew the following spells:

 Your Spells              Type           Power      Damage    Failure   Level
a - Ignite Poison         Fire/Tmut/Pois 0%         N/A       99%         3

Your spell library contained the following spells:

 Spells                   Type           Power      Damage    Failure   Level
 Cigotuvi's Dreadful Rot  Necr/Pois/Air  0%         N/A       92%         2
 Freezing Cloud           Conj/Ice/Air   0%         6-21      100%        5


Dungeon Overview and Level Annotations

Branches:
Dungeon (4/15)
 Temple: D:4-7

Altars:
Elyvilon
Sif Muna

Annotations:
D:4 Menkaure, Natasha


Innate Abilities, Weirdness & Mutations

Your flesh is cold resistant. (rC+)
Armour fits poorly on your strangely shaped body.
You are somewhat resistant to further mutation.
You are robust. (+10% HP)


Message History

The adder hisses angrily.
Menkaure casts a spell.
Menkaure seems to speed up.
The quokka bites you but does no damage.
You block the adder's attack.
You barely miss the quokka.
The quokka is moderately wounded.
You barely miss the adder. You block the quokka's attack.
The adder bites you but does no damage. The quokka bites you.
Natasha casts a spell.
You barely miss the quokka.
The quokka is moderately wounded.
You closely miss the adder. The adder barely misses you.
The quokka barely misses you. The adder bites you but does no damage.
The quokka barely misses you.
Menkaure calls on the powers of darkness!
The quokka convulses!
Your body is wracked with pain!
* * * LOW HITPOINT WARNING * * *
Natasha convulses!
The goblin convulses!
The adder convulses! x2
The adder attacks as you move away! The adder bites you but does no damage.
The quokka twitches its whiskers.
The adder bites you but does no damage.
Natasha mumbles some strange words.
You feel disoriented.
You slash the adder!
You kill the adder!
You closely miss the quokka.
The quokka is lightly wounded.
The quokka bites you.
* * * LOW HITPOINT WARNING * * *
Menkaure calls on the powers of darkness!
The quokka convulses!
Natasha convulses!
Your body is wracked with pain!
* * * LOW HITPOINT WARNING * * *
The adder convulses!
The goblin convulses!
The quokka bites you.
* * * LOW HITPOINT WARNING * * *
You feel very mighty all of a sudden. You block the cerulean imp's attack.
The quokka bites you.
* * * LOW HITPOINT WARNING * * *
Menkaure hits you!
You die...

....#.###.######.......
...
....#...............#
...#
.########.#####.....#
...## .
#.#####.....#g....# .
#......#......S....
#########Sg#.......
#.5h###.5...# #Mr##
.###.# #.@# . . #..# ##
#..# #.?. #..# #..#
.... ####


You could see Menkaure (fast), Natasha, a cerulean imp (summoned), an adder, a
quokka and a goblin.

Vanquished Creatures
  6 adders
  2 worms (D:2)
  2 dart slugs (D:1)
  3 orcs (D:3)
  4 bats
  7 endoplasms
  4 giant cockroaches
  11 goblins
  5 hobgoblins
  4 jackals
  3 quokkas
  9 ball pythons
  3 frilled lizards (D:2)
  10 kobolds
  6 rats
79 creatures vanquished.

Notes
Turn   | Place    | Note
-------+----------+-------------------------------------------
     0 | D:1      | Pimp the Hill Orc Fighter began the quest for the Orb.
     0 | D:1      | Reached XP level 1. HP: 19/19 MP: 1/1
   106 | D:1      | Reached XP level 2. HP: 27/27 MP: 2/2
   354 | D:1      | Reached XP level 3. HP: 15/33 MP: 3/3
   354 | D:1      | Gained mutation: Your spells are a little harder to cast,
                  | but a little more powerful. [potion of mutation]
   354 | D:1      | Gained mutation: You sometimes lose your temper in combat.
                  | [potion of mutation]
   354 | D:1      | Gained mutation: You have an uncontrollable temper. [potion
                  | of mutation]
   354 | D:1      | Gained mutation: Your flesh is cold resistant. (rC+)
                  | [potion of mutation]
   538 | D:1      | Lost mutation: You have an uncontrollable temper. [potion
                  | of mutation]
   538 | D:1      | Lost mutation: Your spells are a little harder to cast, but
                  | a little more powerful. [potion of mutation]
   538 | D:1      | Lost mutation: You sometimes lose your temper in combat.
                  | [potion of mutation]
   538 | D:1      | Gained mutation: Your magical capacity is low. (-10% MP)
                  | [potion of mutation]
   538 | D:1      | Gained mutation: You have sharp toenails. [potion of
                  | mutation]
   538 | D:1      | Gained mutation: Armour fits poorly on your strangely
                  | shaped body. [potion of mutation]
   538 | D:1      | Gained mutation: You are somewhat resistant to further
                  | mutation. [potion of mutation]
   642 | D:2      | Found a faded altar of an unknown god.
   669 | D:2      | Reached XP level 4. HP: 28/40 MP: 3/3
  1556 | D:3      | Found a shimmering blue altar of Sif Muna.
  1558 | D:3      | Found a white marble altar of Elyvilon.
  1770 | D:3      | Reached XP level 5. HP: 36/47 MP: 4/4
  2246 | D:4      | Learned a level 3 spell: Ignite Poison
  2260 | D:4      | Lost mutation: Your magical capacity is low. (-10% MP)
                  | [potion of mutation]
  2260 | D:4      | Lost mutation: You have sharp toenails. [potion of
                  | mutation]
  2260 | D:4      | Gained mutation: You are robust. (+10% HP) [potion of
                  | mutation]
  2333 | D:4      | Noticed Menkaure
  2334 | D:4      | Noticed Natasha
  2347 | D:4      | Slain by Menkaure

Illustrated notes

Levels and vault maps discovered:
D:1:      dpeg_arrival_rooms_b, layout_rooms
D:2:      layout_rooms, shapermc_ecumenical_altar_venn
D:3:      layout_loops_ring, gammafunk_temple_overflow_statue, st_stairs_11
D:4:      nicolae_cairo_tiling_large_dashed, layout_loops_ring,
          ebering_ghost_disaster_area, uniq_grinder, uniq_menkaure, uniq_ijyb,
          uniq_natasha

Skill      XL: |  1  2  3  4 |
---------------+-------------+-----
Axes           | 3 4 |  4.1
Fighting       | 4 |  4.7
Armour         | 4 |  4.3
Shields        | 4 |  4.2

Action                     |  1- 3 |  4- 6 || total
---------------------------+-------+-------++-------
  Melee: War axe           |    73 |   131 ||   204
    Use: Potion            |     3 |     2 ||     5
         Scroll            |       |     8 ||     8
 Armour: Scale mail        |    47 |    64 ||   111
  Dodge: Dodged            |    46 |    83 ||   129
  Block: Buckler           |    22 |    40 ||    62

Table legend: (Time is in decaauts)
 A = Elapsed time spent in this place.
 B = Non-inter-level travel time spent in this place.
 C = Inter-level travel time spent in this place.
 D = Time resting spent in this place.
 E = Time spent auto-exploring this place.
 F = Levels seen in this place.
 G = Mean time per level.
                   A        B        C        D        E       F      G
               +--------+--------+--------+--------+--------+-----+--------+
         Total |   2424 |   2338 |     86 |      3 |   1721 |   4 |  606.0 |
       Dungeon |   2424 |   2338 |     86 |      3 |   1721 |   4 |  606.0 |
               +--------+--------+--------+--------+--------+-----+--------+

Top non-repeatable levels by time:
     D:3: 943 daAuts
     D:2: 731 daAuts
     D:1: 579 daAuts
     D:4: 170 daAuts
